 Dungeon Crawl Stone Soup version 0.25.0-9-g26727b657a (webtiles) character file.

Game seed: 9882783914227122569

125 Esekla the Slasher (level 5, 0/48 HPs)
             Began as a Naga Skald on June 19, 2020.
             Slain by an ogre
             ... wielding a +0 giant club
              (19 damage)
             ... on level 4 of the Dungeon.
             The game lasted 00:10:32 (1557 turns).

Esekla the Slasher (Naga Skald)                     Turns: 1557, Time: 00:10:32

Health: 0/48       AC:  4    Str: 13    XL:     5   Next: 9%
Magic:  0/8        EV:  9    Int: 14    God:
Gold:   137        SH:  0    Dex: 11    Spells: 3/8 levels left

rFire    . . .     SeeInvis +   f - +2 spear (freeze)
rCold    . . .     Gourm    .   (no shield)
rNeg     . . .     Faith    .   b - +0 leather armour
rPois    +         Spirit   +   (no helmet)
rElec    .         Reflect  .   e - +0 cloak
rCorr    .         Harm     .   (no gloves)
MR       .....                  (no barding)
Stlth    ..........             p - amulet of guardian spirit
HPRegen  0.16/turn              l - ring of attention (curse)
MPRegen  0.11/turn              (no ring)

@: short of breath, very slow
A: large, see invisible, deformed body, poison resistance, slowness 2, slow
metabolism 1, spit poison 1, AC +1
a: Spit Poison


You were on level 4 of the Dungeon.
You were hungry.

You visited 1 branch of the dungeon, and saw 4 of its levels.

You collected 137 gold pieces.

Inventory:

Hand Weapons
 a - a +0 falchion
 f - a +2 spear of freezing (weapon)
Armour
 b - a +0 leather armour (worn)
 e - a +0 cloak (worn)
Jewellery
 l - a cursed ring of attention (left hand)
 p - an amulet of guardian spirit (around neck)
Scrolls
 h - 4 scrolls of identify {unknown}
 i - a scroll of fog {unknown}
 n - a scroll of remove curse {unknown}
Potions
 c - a potion of curing {unknown}
 g - 2 potions of lignification {unknown}
 j - a potion of invisibility {unknown}
 k - 2 potions of berserk rage {unknown}
 m - 2 potions of stabbing {unknown}
 o - a potion of brilliance {unknown}
Comestibles
 d - 5 rations


   Skills:
 + Level 2.9 Fighting
 * Level 3.1 Long Blades
 + Level 1.3 Polearms
 - Level 0.7 Armour
 + Level 2.0 Dodging
 + Level 0.3 Stealth
 + Level 2.2 Spellcasting
 - Level 3.0 Charms
 * Level 1.5 Translocations


You had 3 spell levels left.
You knew the following spells:

 Your Spells              Type           Power        Failure   Level  Hunger
a - Infusion              Chrm           #...         9%          1    #......
b - Shroud of Golubria    Chrm/Tloc      #.....       19%         2    ###....
c - Song of Slaying       Chrm           #.......     13%         2    ###....

Your spell library contained the following spells:

 Spells                   Type           Power        Failure   Level  Hunger
 Ozocubu's Armour         Chrm/Ice       #.......     43%         3    ###....
 Spectral Weapon          Hex/Chrm       #.......     43%         3    ###....


Dungeon Overview and Level Annotations

Branches:
Dungeon (4/15)
 Temple: D:4-7

Altars:

Annotations:
D:3 1 runed translucent door, inmateoo's ghost, weakling DDFi


Innate Abilities, Weirdness & Mutations

You cannot wear boots.
Your serpentine skin is tough. (AC +1)
You have supernaturally acute eyesight. (SInv)
Armour fits poorly on your strangely shaped body.
Your system is resistant to poisons. (rPois)
You cover ground very slowly.
You have a slow metabolism.
You can spit poison.


Message History

The ogre is lightly wounded.
The ogre barely misses you.
You hit the ogre. You freeze the ogre.
The ogre is moderately wounded.
Press: ? - help, Shift-Dir - straight line, f - ogre
Aim: an ogre, wielding a +0 giant club (moderately wounded)
The splash of poison hits the ogre!
The ogre is severely wounded.
You feel slightly more hungry. The ogre closely misses you.
You hit the ogre. You freeze the ogre.
The ogre is almost dead.
The ogre completely misses you.
Your leather armour prevents you from hitting the ogre.
The ogre is almost dead.
A giant cockroach comes into view.
The ogre closely misses you.
You completely miss the ogre.
The ogre is almost dead.
The ogre hits you with a +0 giant club!!
You die...

#### ##..##+#
#......# # #
##....<# #..#.
#..####
#.....##..##.###
#..s..O@.......#
##....##.(.....#
..### #.......+
+......##
#..##..# #..#
..# #... ..+
#..# #


You could see an ogre and a giant cockroach.

Vanquished Creatures
  A worker ant (D:4)
  4 adders (D:3)
  A worm (D:3)
  3 dart slugs
  A leopard gecko (D:1)
  4 orcs (D:3)
  4 giant cockroaches
  6 goblins
  2 hobgoblins
  8 kobolds
  A quokka (D:2)
  9 bats
  9 rats
53 creatures vanquished.

Notes
Turn   | Place    | Note
-------+----------+-------------------------------------------
     0 | D:1      | Esekla the Naga Skald began the quest for the Orb.
     0 | D:1      | Reached XP level 1. HP: 19/19 MP: 3/3
   200 | D:1      | Reached XP level 2. HP: 20/26 MP: 5/5
   561 | D:2      | Learned a level 2 spell: Shroud of Golubria
   564 | D:2      | Learned a level 2 spell: Song of Slaying
   572 | D:2      | Reached XP level 3. HP: 29/33 MP: 6/6
   910 | D:3      | Reached XP level 4. HP: 25/40 MP: 7/7
   932 | D:3      | Reached skill level 1 in Translocations
   949 | D:3      | Found a runed translucent door.
   951 | D:3      | Noticed inmateoo's ghost (weakling DDFi)
   951 | D:3      | Noticed a phantom
  1279 | D:3      | Reached skill level 1 in Polearms
  1547 | D:4      | Reached XP level 5. HP: 34/48 MP: 5/8
  1550 | D:4      | Noticed an ogre
  1557 | D:4      | Slain by an ogre

Illustrated notes

Levels and vault maps discovered:
D:1:      scummos_arrival_gate, layout_basic
D:2:      layout_rooms, first_ration, doesnt_xom_only_xom
D:3:      layout_loops_ring, ebering_ghost_inner_flame
D:4:      layout_gridville

Skill      XL: |  1  2  3  4 |
---------------+-------------+-----
Long Blades    | 3 |  3.1
Translocations | 1 |  1.5
Polearms       | 1 |  1.3
Dodging        | 2 |  2.0
Fighting       | |  2.9
Armour         | |  0.7
Stealth        | |  0.3
Spellcasting   | |  2.2
Charms         | |  3.0

Action                   |  1- 3 |  4- 6 || total
-------------------------+-------+-------++-------
Melee: Falchion          |     9 |       ||     9
       Spear             |    58 |    56 ||   114
 Cast: Shroud of Golubri |       |     1 ||     1
 Abil: Spit Poison       |    16 |    10 ||    26
 Stab: Sleeping          |     1 |       ||     1
  Eat: Chunk             |       |     2 ||     2
Armor: Leather armour    |    15 |    20 ||    35
Dodge: Dodged            |    29 |    35 ||    64
       Rpst.: Falchion   |     3 |       ||     3
